 Dungeon Crawl Stone Soup version 0.29.1-13-g9f3cf754e1 (webtiles) character file.

Game seed: 17112407657706041421

6846 KittyFluff the Basher (level 11, -19/69 HPs)
             Began as a Gargoyle Berserker on Jan 19, 2023.
             Was a High Priest of Trog.
             Demolished by a boulder beetle (20 damage)
             ... on level 9 of the Dungeon.
             The game lasted 00:40:53 (10983 turns).

KittyFluff the Basher (Gargoyle Berserker)         Turns: 10983, Time: 00:40:54

Health: -19/69     AC: 24    Str: 23    XL:     11   Next: 6%
Magic:  11/11      EV: 13    Int:  8    God:    Trog [*****.]
Gold:   492        SH:  0    Dex: 11    Spells: 10/10 levels left

rFire   . . .      SeeInvis .   r - +1 hammer (protect)
rCold   + . .      Faith    .   (no shield)
rNeg    + . .      Spirit   .   b - +0 ring mail
rPois   ∞          Reflect  .   y - +0 helmet
rElec   +          Harm     .   c - +0 cloak
rCorr   .          Rampage  .   (no gloves)
Will    .....                   (no boots)
Stlth   ++........              (no amulet)
HPRegen 0.21/turn               j - +4 ring of slaying
MPRegen 0.12/turn               G - ring of protection from cold

@: under a protective aura
A: sickness immunity, AC +8, negative energy resistance 1, electricity
resistance, torment resistance 1, petrification resistance
a: Renounce Religion, Berserk, Trog's Hand, Brothers in Arms


You were on level 9 of the Dungeon.
You worshipped Trog.
Trog was extremely pleased with you.
You visited 1 branch of the dungeon, and saw 10 of its levels.

You collected 492 gold pieces.

Inventory:

Hand Weapons
 q - a +2 antimagic hammer
 r - a +1 hammer of protection (weapon)
 E - a +0 sling
 L - a +1 morningstar
 N - a +0 flail
 O - a +0 arbalest
 P - a +0 shortbow
Missiles
 h - 69 stones (quivered)
 i - 8 boomerangs
 l - 14 poisoned darts
 M - 6 javelins
 R - a curare-tipped dart
Armour
 a - a +0 scale mail
 b - a +0 ring mail (worn)
 c - a +0 cloak (worn)
 w - the +0 robe "Eschozae" {*Corrode rPois rF+ Will+}
   (You found it on level 3 of the Dungeon)

   rF:        It protects you from fire.
   rPois:     It protects you from poison.
   *Corrode:  It may corrode you when you take damage.
   Will:      It increases your willpower.
 y - a +0 helmet (worn)
Jewellery
 j - a +4 ring of slaying (left hand)
 A - an amulet of magic regeneration
 G - a ring of protection from cold (right hand)
Wands
 g - a wand of iceblast (12)
 v - a wand of digging (2)
 z - a wand of mindburst (38)
Scrolls
 d - 2 scrolls of vulnerability {unknown}
 f - 3 scrolls of immolation {unknown}
 k - 5 scrolls of poison {unknown}
 m - a scroll of acquirement {unknown}
 n - a scroll of amnesia {unknown}
 p - 4 scrolls of fear {unknown}
 t - a scroll of noise {unknown}
 u - 4 scrolls of teleportation {unknown}
 B - 2 scrolls of torment {unknown}
 F - a scroll of enchant weapon {unknown}
 J - 2 scrolls of summoning {unknown}
Potions
 e - a potion of degeneration
 o - a potion of curing
 s - 3 potions of haste
 x - 2 potions of brilliance
 C - a potion of attraction
 D - a potion of flight
 H - a potion of cancellation
 I - 2 potions of lignification {unknown}
 K - 2 potions of mutation {unknown}
Miscellaneous
 Q - a box of beasts (inert)
 S - a piece from Xom's chessboard (15/15)


   Skills:
 + Level 8.5 Fighting
 * Level 11.4 Maces & Flails
 + Level 0.1 Throwing
 * Level 8.2 Armour
 + Level 5.7 Dodging
 + Level 3.5 Stealth


You had 10 spell levels left.
You didn't know any spells.
Your spell library was empty.

Dungeon Overview and Level Annotations

Branches:
Dungeon (10/15)            Temple (0/1) D:4            Lair (0/5) D:8
    Orc: D:9-12

Altars:
Ashenzari
Elyvilon
Fedhas
Trog
Uskayaw

Annotations:
D:5 Duvessa


Innate Abilities, Weirdness & Mutations

You are immune to sickness and miasma.
Your stone body is resilient. (AC +8)
You are immune to poison.
You resist negative energy. (rN+)
You are resistant to electric shocks. (rElec)
You are resistant to unholy torment.
You are immune to petrification.


Message History

The boulder beetle leaps!
You climb upwards.
There is a stone staircase leading down here.
There is a stone staircase leading down here.
You climb downwards.
The boulder beetle misses you.
There is a stone staircase leading up here.
You barely miss the boulder beetle.
The boulder beetle bites you but does no damage.
The boulder beetle bites you!
You climb upwards.
There is a stone staircase leading down here.
You hit the boulder beetle.
Your weapon exudes an aura of protection.
The boulder beetle is lightly wounded.
The boulder beetle misses you.
You hit the boulder beetle but do no damage.
The boulder beetle is lightly wounded.
The boulder beetle bites you!
You hit the boulder beetle but do no damage.
The boulder beetle is lightly wounded.
The boulder beetle bites you but does no damage.
You hit the boulder beetle but do no damage.
The boulder beetle is lightly wounded.
The boulder beetle leaps!
The boulder beetle closely misses you.
You hit the boulder beetle but do no damage.
The boulder beetle leaps!
You enter the shallow water.
Moving in this stuff is going to be slow.
The boulder beetle curls into a ball and begins rolling!
The boulder beetle hits you!!!
Ouch! That really hurt!
* * * LOW HITPOINT WARNING * * *
The boulder beetle stops rolling and uncurls.
You hit the boulder beetle but do no damage.
Your weapon exudes an aura of protection.
The boulder beetle bites you but does no damage.
The boulder beetle bites you but does no damage.
The boulder beetle bites you!!
You die...

........#...............'........
.......)#..#########.####.......#
#########..###........#########.#
.....†.......#.#####...# #..
##..###......#.#.......##########
##..##......#.#....##.#.........
##.........#.~....'..#.#######.
####.##...#~~....#..#.# #.
#######..#....~B@...####.# ####
......).......~~~~..>#...# #...
#######.......~~~###.#.#######.##
#.......#[####.............
#.##.##.#.......^.######.#.
##.#...#.#.........# #.#.
##..#.⌠.#...........# #.##
###..##...###.........# #.##
###...## #.# ###.##.#### #.#.


You could see a boulder beetle.

Vanquished Creatures
  Pikel (D:5)
  A hornet (D:5)
  Sigmund (D:5)
  A wraith (D:9)
  A shadow (D:9)
  A wyvern (D:8)
  9 yaks (D:9)
  2 steam dragons
  An orc warrior (D:9)
  2 sky beasts
  3 ice beasts
  2 black bears
  2 centaurs
  2 ogres
  5 phantoms
  A kobold brigand (D:9)
  5 bullfrogs
  2 necrophages
  12 wights
  Dowan (D:5)
  6 killer bees (D:9)
  A howler monkey (D:9)
  5 hounds
  Crazy Yiuf (D:2)
  A gnoll bouda (D:5)
  2 jellies
  Ijyb (D:3)
  4 iguanas
  An orc priest (D:4)
  Jessica (D:3)
  9 orc wizards
  Robin (D:3)
  4 gnolls (D:5)
  6 adders
  3 river rats (D:5)
  A white imp (D:7)
  An ufetubus (D:5)
  2 dart slugs (D:2)
  17 orcs
  5 bats
  4 endoplasms
  16 giant cockroaches
  16 goblins
  10 hobgoblins
  6 jackals
  6 quokkas
  4 ball pythons
  2 frilled lizards (D:1)
  8 kobolds
  21 rats
220 creatures vanquished.

Vanquished Creatures (collateral kills)
  A yak (D:9)
  A bullfrog (D:9)
2 creatures vanquished.

Vanquished Creatures (others)
  3 fungi
  7 plants
10 creatures vanquished.

Grand Total: 232 creatures vanquished

Notes
Turn   | Place    | Note
-------+----------+-------------------------------------------
     0 | D:1      | KittyFluff the Gargoyle Berserker began the quest for the
                  | Orb.
     0 | D:1      | Reached XP level 1. HP: 14/14 MP: 1/1
   153 | D:1      | Reached XP level 2. HP: 7/19 MP: 2/2
   918 | D:1      | Reached XP level 3. HP: 20/23 MP: 3/3
  1410 | D:1      | Found a faded altar of an unknown god.
  1481 | D:2      | Reached skill level 1 in Stealth
  1599 | D:2      | Reached ** piety under Trog
  2202 | D:2      | Found a runed translucent door.
  2203 | D:2      | Noticed Crazy Yiuf
  2212 | D:2      | Killed Crazy Yiuf
  2213 | D:2      | Reached XP level 4. HP: 29/29 MP: 1/4
  2307 | D:3      | Reached skill level 4 in Maces & Flails
  2351 | D:3      | Reached XP level 5. HP: 31/33 MP: 5/5
  2358 | D:3      | Noticed Jessica
  2379 | D:3      | Killed Jessica
  2408 | D:3      | Noticed Ijyb
  2419 | D:3      | Killed Ijyb
  2571 | D:3      | Identified the +0 robe "Eschozae" {*Corrode rPois rF+
                  | Will+}
  2587 | D:3      | Noticed Robin
  2603 | D:3      | Killed Robin
  2904 | D:4      | Reached XP level 6. HP: 38/38 MP: 6/6
  2959 | D:4      | Reached *** piety under Trog
  3086 | D:4      | Reached skill level 5 in Maces & Flails
  3458 | D:4      | Reached XP level 7. HP: 35/44 MP: 7/7
  3663 | D:4      | Found a staircase to the Ecumenical Temple.
  4305 | D:5      | Entered Level 5 of the Dungeon
  4367 | D:5      | Noticed a hornet
  4383 | D:5      | Killed a hornet
  4384 | D:5      | Reached skill level 6 in Maces & Flails
  4767 | D:5      | Noticed Dowan
  4773 | D:5      | Noticed Duvessa
  4991 | D:5      | Killed Dowan
  5113 | D:5      | Reached XP level 8. HP: 47/48 MP: 8/8
  5221 | D:5      | Reached **** piety under Trog
  5222 | D:5      | Reached skill level 5 in Fighting
  5228 | D:5      | Reached skill level 5 in Armour
  5464 | D:5      | Noticed Pikel
  5474 | D:5      | Noticed Sigmund
  5511 | D:5      | Killed Pikel
  5512 | D:5      | Reached skill level 7 in Maces & Flails
  5520 | D:5      | Killed Sigmund
  5521 | D:5      | Reached skill level 8 in Maces & Flails
  5521 | D:5      | Reached XP level 9. HP: 38/54 MP: 9/9
  5634 | D:5      | Found a blossoming altar of Fedhas.
  7421 | D:7      | Reached skill level 9 in Maces & Flails
  8219 | D:7      | Reached XP level 10. HP: 61/61 MP: 10/10
  8318 | D:8      | Reached skill level 5 in Dodging
  8375 | D:8      | Found a staircase to the Lair.
  8440 | D:8      | Reached skill level 10 in Maces & Flails
  8765 | D:8      | Found a hide-covered altar of Uskayaw.
  9543 | D:9      | Found a broken altar of Ashenzari.
  9545 | D:9      | Found a bloodstained altar of Trog.
  9767 | D:9      | Reached ***** piety under Trog
  9935 | D:9      | Found a white marble altar of Elyvilon.
 10170 | D:9      | Reached skill level 11 in Maces & Flails
 10478 | D:10     | Entered Level 10 of the Dungeon
 10479 | D:10     | Noticed a boulder beetle
 10490 | D:9      | Received a gift from Trog
 10559 | D:9      | Reached XP level 11. HP: 35/68 MP: 11/11
 10981 | D:9      | HP: 1/69 [boulder beetle (47)]
 10983 | D:9      | Demolished by a boulder beetle

Illustrated notes

Levels and vault maps discovered:
D:1:      dpeg_arrival_rooms_c, layout_loops_cross,
          shapermc_ecumenical_altar_mp_urbaneastern, serial_bayou_pond_d,
          minivault_24, minmay_tall_x
D:2:      minmay_roachtagon, layout_rooms, st_stairs_14, uniq_crazy_yiuf_cottage
D:3:      layout_rooms, chequers_mini_garden, uniq_robin, uniq_jessica,
          uniq_ijyb
D:4:      kennysheep_goblin_castle, layout_loops_ring, minmay_temple_entry_glass
D:5:      layout_loops_cross, mainiacjoe_overflow_tiny_flanked,
          grunt_ministairs_11, dk_rats_in_the_wall, uniq_sigmund, uniq_duvessa,
          uniq_pikel
D:6:      layout_layer_cave
D:7:      layout_gridville
D:8:      layout_basic, nicolae_overflow_crystal_walls, dpeg_oklobed_lair,
          minmay_lindwurm_lava
D:9:      layout_basic, mainiacjoe_overflow_big_doors, elyvilon_altar_1,
          billiards_dpeg
D:10:     layout_cross, kennysheep_little_box, uniq_grum

Skill      XL: |  1  2  3  4  5  6  7  8  9 10 |
---------------+-------------------------------+-----
Stealth        | 1 2 3 |  3.5
Dodging        | 2 3 4 5 |  5.7
Maces & Flails | 4 5 6 8 9 11 | 11.4
Armour         | 3 4 5 6 8 |  8.2
Fighting       | 4 5 6 8 |  8.5
Throwing       | |  0.1

Action                   |  1- 3 |  4- 6 |  7- 9 | 10-12 || total
-------------------------+-------+-------+-------+-------++-------
Melee: Mace              |   136 |    92 |   375 |   263 ||   866
       Punch             |     2 |     2 |     5 |     6 ||    15
Throw: Stone             |       |       |     1 |       ||     1
Invok: Berserk           |     2 |     1 |     2 |     1 ||     6
Evoke: Box of beasts     |       |       |       |     1 ||     1
  Use: Scroll            |       |       |     6 |       ||     6
       Potion            |       |       |     1 |     1 ||     2
 Stab: Sleeping          |     3 |     2 |     1 |       ||     6
Armor: Animal skin       |    46 |       |       |       ||    46
       Leather armour    |    23 |    43 |   169 |       ||   235
       Ring mail         |       |       |       |   135 ||   135
Dodge: Dodged            |    90 |    49 |   217 |   143 ||   499
